 Dungeon Crawl Stone Soup version 0.32-a0-391-gce5c0aab1b (webtiles) character file.

Game seed: 1705001203109131087

23 Bravepunisher the Ducker (level 2, -1/24 HPs)
             Began as a Spriggan Monk on Feb 19, 2024.
             Slain by an ufetubus (2 damage)
             ... on level 6 of the Dungeon.
             The game lasted 00:04:21 (855 turns).

Bravepunisher the Ducker (Spriggan Monk)             Turns: 855, Time: 00:04:22

Health: -1/24      AC: 21    Str:  7    XL:     2   Next: 75%
Magic:  3/3        EV:  4    Int: 11    God:
Gold:   34         SH:  0    Dex: 17    Spells: 1/1 levels left

rFire   + . .        a - +0 short sword
rCold   + . .        (no shield)
rNeg    . . .        b - melded +0 robe
rPois   +            (helmet currently unavailable)
rElec   +            (cloak currently unavailable)
rCorr   +            (gloves unavailable)
SInv    +            (boots unavailable)
Will    .....        (no amulet)
Stlth   ++           (no ring)
HPRegen 0.24/turn    (no ring)
MPRegen 0.08/turn

%: no passive effects
@: lethally poisoned (-1 -> -6), tree-form, resistant
A: stationary, stasis, torment immunity, boosted hp, very small, no large
weapons, unfitting armour, see invisible, (speed 3)
a: no special abilities


You were on level 6 of the Dungeon.
You were a tree.
You visited 1 branch of the dungeon, and saw 7 of its levels.

You collected 34 gold pieces.

Inventory:

Hand Weapons
 a - a +0 short sword (weapon)
Armour
 b - a +0 robe (melded)
Jewellery
 g - a +5 ring of evasion
Scrolls
 d - a scroll of enchant weapon {unknown}
 e - a scroll of brand weapon {unknown}
 i - a scroll of revelation {unknown}
Potions
 c - 2 potions of ambrosia


   Skills:
 + Level 2.7 Fighting
 - Level 3.2 Short Blades
 * Level 5.0 Dodging


You had one spell level left.
You didn't know any spells.
Your spell library was empty.

Dungeon Overview and Level Annotations

Branches:
Dungeon (7/15)
 Temple: D:4-7

Altars:
Nemelex Xobeh
Xom

Shops:
D:7 :


Innate Abilities, Weirdness & Mutations

You are a tree.
Your roots penetrate the ground, keeping you stationary.
You cannot be teleported.
You are immune to unholy pain and torment.
Your maximum health is greatly increased.
Your equipment is partially melded.
You are very small and have problems with some larger weapons.
You are too small for most types of armour.
You have supernaturally acute eyesight. (SInv)
((You cover ground extremely quickly. (Speed+++)))


Message History

You climb upwards.
The hound barks!
The adder hisses angrily.
The hound barely misses you.
There is a stone staircase leading down here.
You open the door. 2 ufetubi come into view.
The ufetubus shouts!
The hound barely misses you.
The water moccasin completely misses you.
Found a hand axe and a scroll labelled QASAADYWYFF.
Unknown command.
A white imp comes into view.
The white imp shouts!
The hound attacks as it pursues you! The hound misses you.
The water moccasin bites you.
You are lethally poisoned!
The water moccasin poisons you!
There is an open door here.
* * * LOW HITPOINT WARNING * * *
You feel sick.
It was a potion of lignification.
You turn into a tree.
Your +0 robe melds into your body.
Your roots penetrate the ground.
* * * LOW HITPOINT WARNING * * *
You feel sick.
The ufetubus hits you but does no damage. x2
The hound bites you.
* * * LOW HITPOINT WARNING * * *
The ufetubus hits you.
* * * LOW HITPOINT WARNING * * *
The ufetubus hits you but does no damage.
Unknown command.
It was a potion of resistance.
You feel protected.
* * * LOW HITPOINT WARNING * * *
You feel sick. The ufetubus barely misses you.
The ufetubus hits you but does no damage.
The hound barely misses you.
The ufetubus hits you but does no damage.
The ufetubus hits you.
You die...

# #### ##..
..# ##...
#.###...###
#.##S#........
#...Sh........
######♣5..5)..
#.5.?....
#........
#........
#........
#........
#........ #
#########


You could see a water moccasin, a hound, an adder, a white imp and 2 ufetubi.

Vanquished Creatures
  A hound (D:5)
  An orc (D:6)
  An endoplasm (D:4)
  A giant cockroach (D:4)
  A hobgoblin (D:1)
  A rat (D:1)
6 creatures vanquished.

Notes
Turn   | Place    | Note
-------+----------+-------------------------------------------
     0 | D:1      | Bravepunisher the Spriggan Monk began the quest for the
                  | Orb.
     0 | D:1      | Reached XP level 1. HP: 11/11 MP: 2/2
   238 | D:5      | Entered Level 5 of the Dungeon
   248 | D:5      | Noticed a bullfrog
   259 | D:4      | Noticed a bombardier beetle
   321 | D:4      | Noticed a black bear
   477 | D:5      | Noticed a black bear
   513 | D:5      | Noticed an ogre
   559 | D:5      | Found a shimmering altar of Xom.
   560 | D:5      | Found a sparkling altar of Nemelex Xobeh.
   610 | D:6      | Noticed a hound
   610 | D:6      | Noticed a centaur
   627 | D:5      | Killed a hound
   628 | D:5      | Reached XP level 2. HP: 8/16 MP: 3/3
   691 | D:6      | Reached skill level 5 in Dodging
   761 | D:7      | Noticed a kobold brigand
   817 | D:7      | Found Widatwym's Vocational Training.
   819 | D:7      | Noticed a howler monkey
   832 | D:7      | Noticed a howler monkey
   839 | D:7      | Noticed a water moccasin
   843 | D:7      | Noticed a howler monkey
   855 | D:6      | HP: 1/24 [poisoned by a water moccasin]
   855 | D:6      | Slain by an ufetubus

Illustrated notes

Levels and vault maps discovered:
D:1:      dpeg_arrival_rhombi, layout_basic,
          hellmonk_ecumenical_altar_crossroads, minmay_distorted
D:2:      layout_loops_ring, st_stairs_4
D:3:      layout_basic, lemuel_crystal_altar, portal_sewer_entry_e,
          glass_columns_a, kennysheep_doodads, minmay_misc_feat_four_crosses,
          grunt_ministairs_14, minmay_misc_feat_x, dreamdust_princess_bridge,
          nicolae_half_adder
D:4:      layout_loops_ring
D:5:      layout_cave_pools, gammafunk_temple_overflow_statue
D:6:      layout_basic
D:7:      layout_basic, led_sif_book, minmay_temple_entry_glassed_door,
          dk_noncrumbling_2, dk_noncrumbling_3, minmay_liquid_box,
          nicolae_shop_vocational, uniq_pikel

Skill      XL: |  1  2 |
---------------+-------+-----
Dodging        | 5 |  5.0
Fighting       | |  2.7
Short Blades   | |  3.2

Action                     || total
---------------------------++-------
  Melee: Short sword       ||    44
    Use: Potion            ||     2
   Stab: Sleeping          ||     1
 Armour: Robe              ||    18
         Skin              ||     8
  Dodge: Dodged            ||    77

Table legend: (Time is in decaauts)
 A = Elapsed time spent in this place.
 B = Non-inter-level travel time spent in this place.
 C = Inter-level travel time spent in this place.
 D = Time resting spent in this place.
 E = Time spent auto-exploring this place.
 F = Levels seen in this place.
 G = Mean time per level.
                   A        B        C        D        E       F      G
               +--------+--------+--------+--------+--------+-----+--------+
         Total |    555 |    548 |      7 |      0 |    140 |   7 |   79.3 |
       Dungeon |    555 |    548 |      7 |      0 |    140 |   7 |   79.3 |
               +--------+--------+--------+--------+--------+-----+--------+

Top non-repeatable levels by time:
     D:4: 169 daAuts
     D:5: 120 daAuts
     D:1: 84 daAuts
     D:7: 76 daAuts
     D:6: 70 daAuts
     D:2: 18 daAuts
     D:3: 16 daAuts
